 Dungeon Crawl Stone Soup version 0.31-a0-960-g0fca184906 (webtiles) character file.

Game seed: 2319220325794366853

926 promet the Magician (level 7, -2/40 HPs)
             Began as a Deep Elf Hedge Wizard on Oct 23, 2023.
             Was an Initiate of Dithmenos.
             Slain by a water moccasin (5 damage)
             ... on level 5 of the Dungeon on Oct 24, 2023.
             The game lasted 00:44:53 (9517 turns).

promet the Magician (Deep Elf Hedge Wizard)         Turns: 9517, Time: 00:44:53

Health: -2/40      AC:  6    Str: 12    XL:     7   Next: 85%
Magic:  20/20      EV: 13    Int: 19    God:    Dithmenos [......]
Gold:   400        SH:  0    Dex: 14    Spells: 15/21 levels left

rFire   . . .        a - +1 dagger (drain)
rCold   . . .        (no shield)
rNeg    + . .        s - +0 robe
rPois   .            B - +2 hat
rElec   .            n - +0 cloak "Gockiegh" {rN+ Str+3}
rCorr   .            (no gloves)
SInv    .            q - +0 pair of boots
Will    .....        (no amulet)
Stlth   ++           (no ring)
HPRegen 0.26/turn    (no ring)
MPRegen 0.17/turn

%: no passive effects
@: lethally poisoned (-2 -> -3), hasted, very quick
A: no striking features
a: Renounce Religion


You were on level 5 of the Dungeon.
You worshipped Dithmenos.
Dithmenos was noncommittal.
You visited 1 branch of the dungeon, and saw 5 of its levels.

You collected 508 gold pieces.
You spent 108 gold pieces at shops.

Inventory:

Hand Weapons
 a - a +1 dagger of draining (weapon)
 b - a +0 heavy sling
 e - a +0 dagger
 f - a +0 short sword
 i - a +0 spear
 k - a +0 quarterstaff
 t - a +0 long sword
 y - a +0 mace
Missiles
 c - 6 silver javelins
 j - 9 poisoned darts (quivered)
 l - 26 stones
 E - 2 boomerangs
Armour
 n - the +0 cloak "Gockiegh" (worn) {rN+ Str+3}
   (You found it on level 2 of the Dungeon)

   Str+3:     It affects your strength (+3).
   rN+:       It protects you from negative energy.
 q - a +0 pair of boots (worn)
 s - a +0 robe (worn)
 w - a +0 helmet
 B - a +2 hat (worn)
Magical Staves
 z - a staff of air
Wands
 x - a wand of roots (13)
 F - a wand of flame (9)
Potions
 d - a potion of magic
 g - a potion of haste
 m - a potion of resistance {unknown}
 o - 2 potions of brilliance
 p - a potion of mutation {unknown}
 r - a potion of curing {unknown}
 u - 3 potions of attraction
 v - 3 potions of might
 C - a potion of invisibility {unknown}


   Skills:
 * Level 2.6 Fighting
 + Level 1.2(1.3) Short Blades
 + Level 0.1(0.6) Long Blades
 + Level 0.1 Polearms
 + Level 2.0 Ranged Weapons
 + Level 0.4 Throwing
 + Level 4.0 Dodging
 + Level 3.5 Stealth
 + Level 7.7 Spellcasting
 + Level 2.1 Conjurations
 + Level 1.3 Hexes
 + Level 3.3 Summonings
 + Level 2.1 Translocations
 * Level 2.7 Evocations


You had 15 spell levels left.
You knew the following spells:

 Your Spells              Type           Power      Damage    Failure   Level
a - Magic Dart            Conj           60%        1d6       4%          1
b - Blink                 Tloc           30%        N/A       6%          2
c - Call Imp              Summ           38%        N/A       3%          2
d - Slow                  Hex            48%        N/A       5%          1

Your spell library contained the following spells:

 Spells                   Type           Power      Damage    Failure   Level
 Summon Small Mammal      Summ           76%        N/A       2%          1
 Apportation              Tloc           30%        N/A       4%          1
 Necrotise                Necr           28%        1d5       10%         1
 Gell's Gravitas          Tloc           15%        N/A       12%         3
 Teleport Other           Tloc           15%        N/A       12%         3
 Cigotuvi's Dreadful Rot  Necr/Pois/Air  14%        N/A       14%         2
 Mephitic Cloud           Conj/Pois/Air  9%         N/A       22%         3
 Dispersal                Tloc           7%         N/A       99%         6


Dungeon Overview and Level Annotations

Branches:
Dungeon (5/15)             Temple (0/1) D:5

Altars:
Dithmenos
Okawaru

Shops:
D:4 !

Annotations:
D:3 3 runed translucent doors, LeprechaunX's ghost, amateur OpSh


Message History

Press: ? - help, Shift-Dir - straight line, f/p - water moccasin
Aim: a water moccasin (moderately wounded, ally target, chance to affect: 46%)
The water moccasin seems to slow down.
You feel sick.
The water moccasin bites you but does no damage.
You barely miss the water moccasin.
The water moccasin is moderately wounded.
You feel sick.
Your cerulean imp misses the water moccasin.
You hit the water moccasin. You drain the water moccasin.
The water moccasin is heavily wounded.
The water moccasin closely misses you.
Your cerulean imp hits the water moccasin from afar with a -3 spear.
You closely miss the water moccasin.
The water moccasin is heavily wounded.
You feel sick.
The water moccasin bites you but does no damage.
You barely miss the water moccasin.
The water moccasin is heavily wounded.
You feel ready to blink again.
You feel sick.
Your cerulean imp barely misses the water moccasin.
You miss the water moccasin.
The water moccasin is heavily wounded.
The water moccasin bites you.
* * * LOW HITPOINT WARNING * * *
Your cerulean imp completely misses the water moccasin.
Your magical contamination has completely faded away.
You miss the water moccasin.
The water moccasin is heavily wounded.
You feel sick.
Okay, then.
Casting: Slow (safe; 5% risk of failure)
Confirm with . or Enter, or press ? or * to list all spells.
You don't know that spell.
Casting: Slow (safe; 5% risk of failure)
Confirm with . or Enter, or press ? or * to list all spells.
Okay, then.
Unknown command.
Magic courses through your body.
You feel sick. The water moccasin bites you.
You die...

*,,...,***,***#....
***#'#+*,,,,,*####. ######
#.#,,,,,,,,,* #.
##....###.#,,,,,,,,,*##.
##......##.#,,,,,,,,,*#..
#####........'.#,,,,,,,,,*#..
#...'........#.#,,,,,,,,,*#..
#.#.'....)...#.#,,,,,,,,,*#..
#.###....5.S@#'###,,,,,***#..
#...##......##...###,*** ###
#.#.###....##.h....#+**
#####.#.########.s.....#,,**
...##...).....#..$5....#,,,***
...####.#####.##.....$O#...,,**
..W# #.# #)###..§...o.o$,,,*
.§.# #.# #...##...###..$,,**
.§.# #.# ###.###### *,,,***


You could see a water moccasin (slow, drained, ally target) and a friendly
cerulean imp (summoned).

Vanquished Creatures
  2 water moccasins (D:5)
  2 ogres
  A scorpion (D:5)
  A howler monkey (D:5)
  A hound (D:4)
  An iguana (D:5)
  2 orc wizards
  3 gnolls (D:5)
  4 adders
  2 white imps (D:5)
  An ufetubus (D:5)
  A worm (D:3)
  A dart slug (D:2)
  5 orcs
  A ball python (D:4)
  4 bats
  4 endoplasms
  7 giant cockroaches
  8 goblins
  5 hobgoblins
  4 kobolds
  2 quokkas
  5 frilled lizards
  6 rats
73 creatures vanquished.

Vanquished Creatures (collateral kills)
  Edmund (D:5)
  An iguana (D:5)
  A gnoll (D:5)
  An adder (D:3)
  An ufetubus (D:5)
  A dart slug (D:2)
  7 orcs
  3 bats
  6 endoplasms
  2 goblins
  2 hobgoblins
  A jackal (D:3)
  2 rats (D:3)
29 creatures vanquished.

Grand Total: 102 creatures vanquished

Notes
Turn   | Place    | Note
-------+----------+-------------------------------------------
     0 | D:1      | promet the Deep Elf Hedge Wizard began the quest for the
                  | Orb.
     0 | D:1      | Reached XP level 1. HP: 10/10 MP: 7/7
   864 | D:1      | Reached XP level 2. HP: 7/15 MP: 3/9
  1016 | D:1      | Learned a level 2 spell: Blink
  1019 | D:1      | Learned a level 2 spell: Call Imp
  1021 | D:1      | Learned a level 1 spell: Slow
  1709 | D:1      | Reached skill level 5 in Spellcasting
  1885 | D:2      | Reached XP level 3. HP: 9/19 MP: 5/11
  2168 | D:2      | You fall into a shaft and drop 1 floor!
  2703 | D:2      | Identified the +0 cloak "Gockiegh" {rN+ Str+3}
  3436 | D:3      | Found a runed translucent gate.
  3436 | D:3      | Noticed LeprechaunX's ghost (amateur OpSh)
  3437 | D:3      | Found a runed translucent gate.
  3437 | D:3      | Found a runed translucent gate.
  3438 | D:3      | Identified the +5 whip of Jeugual {protect, rC- Int+3}
  3763 | D:3      | Reached XP level 4. HP: 11/24 MP: 9/13
  4661 | D:3      | Reached XP level 5. HP: 17/28 MP: 9/15
  5216 | D:3      | Reached skill level 1 in Fighting
  5670 | D:4      | Found an iron altar of Okawaru.
  5917 | D:4      | Noticed an ogre
  5933 | D:4      | Killed an ogre
  5934 | D:4      | Reached skill level 6 in Spellcasting
  5934 | D:4      | Reached skill level 1 in Evocations
  6193 | D:4      | Reached XP level 6. HP: 34/34 MP: 10/17
  6545 | D:4      | Found Qecvigagg's Distillery.
  6552 | D:4      | Bought a potion of heal wounds for 60 gold pieces
  6552 | D:4      | Bought a potion of might for 48 gold pieces
  6787 | D:4      | Found a shadowy altar of Dithmenos.
  6796 | D:4      | Became a worshipper of Dithmenos the Shadowed
  6851 | D:5      | Entered Level 5 of the Dungeon
  7275 | D:5      | Noticed Edmund
  7354 | D:5      | Killed Edmund
  7687 | D:5      | Found a staircase to the Ecumenical Temple.
  7736 | D:5      | Reached skill level 1 in Short Blades
  8203 | D:5      | Reached XP level 7. HP: 40/40 MP: 19/19
  8408 | D:5      | Reached skill level 1 in Ranged Weapons
  8421 | D:5      | Reached skill level 7 in Spellcasting
  8421 | D:5      | Reached skill level 1 in Hexes
  9517 | D:5      | Slain by a water moccasin

Illustrated notes

Levels and vault maps discovered:
D:1:      wander_arrival_peaceful_grave, layout_basic, hangedman_decor_opposing,
          minmay_worlds_worst_comb
D:2:      layout_basic
D:3:      layout_basic, biasface_ghost_orc_armoury, moated_statue,
          chequers_arboretum, amcnicky_mini_pool_small, solitary_fountain,
          minmay_vboxes
D:4:      layout_loops_ring, okawaru_metal_pillars_1_2,
          mainiacjoe_overflow_surrounded_room, serial_shops,
          nicolae_shop_pleasant_corner_grove,
          nicolae_concentric_dashed_squares_mild
D:5:      minmay_polygon_palace, layout_basic, temple_hall, uniq_edmund

Skill      XL: |  1  2  3  4  5  6  7 |
---------------+----------------------+-----
Spellcasting   | 5 6 7 |  7.7
Stealth        | 3 |  3.5
Dodging        | 3 4 |  4.0
Conjurations   | 2 |  2.1
Fighting       | 1 2 |  2.6
Summonings     | 2 3 |  3.3
Evocations     | 1 2 |  2.7
Short Blades   | 1 |  1.2
Ranged Weapons | 2 |  2.0
Hexes          | 1 |  1.3
Translocations | 2 |  2.1
Long Blades    | |  0.1
Polearms       | |  0.1
Throwing       | |  0.4

Action                     |  1- 3 |  4- 6 |  7- 9 || total
---------------------------+-------+-------+-------++-------
  Melee: Short sword       |     7 |       |       ||     7
         Punch             |     1 |     1 |       ||     2
         Long sword        |    25 |       |       ||    25
         Dagger            |     3 |    93 |    53 ||   149
         Spear             |       |     6 |       ||     6
   Fire: Sling             |     1 |    22 |     8 ||    31
  Throw: Dart              |       |     8 |     2 ||    10
         Javelin           |       |     2 |       ||     2
   Cast: Magic Dart        |    66 |    21 |     7 ||    94
         Call Imp          |     7 |    35 |    20 ||    62
         Slow              |     4 |     7 |     7 ||    18
         Blink             |     2 |     7 |     5 ||    14
  Evoke: Wand              |       |     5 |       ||     5
    Use: Scroll            |     5 |     6 |     1 ||    12
         Potion            |       |     1 |     5 ||     6
   Stab: Sleeping          |     4 |     2 |       ||     6
 Armour: Robe              |    26 |    87 |    61 ||   174
  Dodge: Dodged            |    36 |    82 |    66 ||   184

Table legend: (Time is in decaauts)
 A = Elapsed time spent in this place.
 B = Non-inter-level travel time spent in this place.
 C = Inter-level travel time spent in this place.
 D = Time resting spent in this place.
 E = Time spent auto-exploring this place.
 F = Levels seen in this place.
 G = Mean time per level.
                   A        B        C        D        E       F      G
               +--------+--------+--------+--------+--------+-----+--------+
         Total |   9522 |   9469 |     53 |   4270 |   2203 |   5 | 1904.4 |
       Dungeon |   9522 |   9469 |     53 |   4270 |   2203 |   5 | 1904.4 |
               +--------+--------+--------+--------+--------+-----+--------+

Top non-repeatable levels by time:
     D:5: 2667 daAuts
     D:3: 2284 daAuts
     D:1: 1859 daAuts
     D:2: 1532 daAuts
     D:4: 1180 daAuts
